 Dungeon Crawl Stone Soup version 0.25-a0-634-gd1561dc703 (webtiles) character file.

Game seed: 5137756181998353123, levelgen mode: deterministic

4471 DasRunzen the Fighter (level 10, 0/88 HPs)
             Began as a Pale Draconian Gladiator on Mar 20, 2020.
             Was an Elder of Okawaru.
             Slain by an orc
             ... wielding a +0 trident
              (3 damage)
             ... on level 9 of the Dungeon.
             The game lasted 00:22:58 (7850 turns).

DasRunzen the Fighter (Pale Draconian Gladiator)    Turns: 7850, Time: 00:22:58

Health: 0/88       AC: 12    Str: 21    XL:     10   Next: 15%
Magic:  0/19       EV: 16    Int: 14    God:    Okawaru [****..]
Gold:   498        SH:  0    Dex: 13    Spells: 21/21 levels left

rFire    . . .     SeeInvis .   a - +2 trident (freeze)
rCold    . . .     Gourm    .   (no shield)
rNeg     . . .     Faith    .   (armour unavailable)
rPois    .         Spirit   +   b - +2 hat
rElec    .         Reflect  .   o - scarf {Spirit}
rCorr    .         Harm     +   (no gloves)
MR       .....                  t - +2 pair of boots
Stlth    +.........             g - amulet of harm
HPRegen  0.24/turn              p - +4 ring of strength
MPRegen  0.16/turn              r - +3 ring of intelligence

@: studying Fighting
A: breathe steam, unfitting armour, cold-blooded, AC +7
a: Breathe Steam, Heroism, Renounce Religion


You were on level 9 of the Dungeon.
You worshipped Okawaru.
Okawaru was greatly pleased with you.
You were hungry.

You visited 1 branch of the dungeon, and saw 9 of its levels.

You collected 568 gold pieces.
You spent 70 gold pieces at shops.

Inventory:

Hand Weapons
 a - a +2 trident of freezing (weapon)
Missiles
 c - 3 throwing nets (quivered)
Armour
 b - a +2 hat (worn)
 l - a +1 cloak of invisibility
 o - a scarf of spirit shield (worn)
 t - a +2 pair of boots (worn)
Jewellery
 g - an amulet of harm (around neck)
 n - a +3 ring of protection
 p - a +4 ring of strength (left hand)
 r - a +3 ring of intelligence (right hand)
 v - an uncursed ring of poison resistance {unknown}
 y - a +2 ring of protection
 E - an uncursed ring of see invisible {unknown}
Wands
 k - a wand of polymorph (6)
 s - a wand of scattershot (6)
 C - a wand of disintegration (7)
 F - a wand of acid (18)
Scrolls
 f - 10 scrolls of remove curse
 m - 2 scrolls of magic mapping
 u - 2 scrolls of teleportation
 w - a scroll of brand weapon
 I - 3 scrolls of enchant armour
 J - 3 scrolls of identify
Potions
 e - 2 potions of stabbing
 h - 4 potions of lignification
 i - a potion of might
 j - 5 potions of curing
 q - 2 potions of haste
 x - a potion of brilliance {unknown}
 z - a potion of degeneration {unknown}
 A - 4 potions of heal wounds
 B - a potion of flight {unknown}
 D - a potion of berserk rage {unknown}
 G - 3 potions of mutation {unknown}
Books
 H - a manual of Fighting
Comestibles
 d - 11 rations


   Skills:
 + Level 8.1 Fighting
 + Level 7.4 Polearms
 - Level 1.7 Throwing
 + Level 6.8 Dodging
 + Level 6.0 Spellcasting
 + Level 6.3 Invocations


You had 21 spell levels left.
You didn't know any spells.
Your spell library was empty.

Dungeon Overview and Level Annotations

Branches:
Dungeon (9/15)             Temple (0/1) D:4             Orc (0/2) D:9
   Lair: D:8-11

Altars:
Ashenzari
Cheibriados
Fedhas
Nemelex Xobeh
Okawaru
Qazlal
Sif Muna
Uskayaw
Vehumet
The Shining One
Beogh

Shops:
D:5 !   D:6 %

Annotations:
D:6 1 runed translucent door, terminal's ghost, novice DrFi


Innate Abilities, Weirdness & Mutations

You can breathe blasts of scalding, opaque steam.
Your pale cyan-grey scales are hard. (AC +7)
You cannot fit into any form of body armour.
You are cold-blooded and may be slowed by cold attacks.


Message History

You hit the orc warrior but do no damage.
The orc warrior is heavily wounded.
The orc closely misses you.
You closely miss the orc warrior.
The orc warrior is heavily wounded.
The orc warrior hits you with a +0 mace!
* * * LOW HITPOINT WARNING * * *
The orc hits you but does no damage.
You closely miss the orc warrior.
The orc warrior is heavily wounded.
The orc warrior closely misses you. The orc closely misses you.
You hit the orc warrior. You freeze the orc warrior.
The orc warrior is severely wounded.
The orc warrior hits you with a +0 mace!
* * * LOW HITPOINT WARNING * * *
The orc closely misses you.
You barely miss the orc warrior.
The orc warrior is severely wounded.
The orc hits you with a +0 trident.
You die...

#..............##.#.....
#.#..#.#.......#........
#.##.#.#..##.#.#.##.....
#####.##...#...#.#.#.#......
#.....###......#.#....#.####
#.##### #..>..(#......#.# ##
#...# #......######.#.# #.
###.# #8).o8#.......#.# #. #.#
###@###.#######.###. #.#
#...o.#.#.....#.....
########.###
#.....#.#.....#.##..
#.......)..#
#.._.=#.#.....#.###.
#..........# #.....#.......#.#
#.
#..........###.....###.....#.#
#. #............#######
#.#####.# #. #.............#
#.>###.# #.# ##
#.............#
#......#####.####


You could see an orc warrior and an orc.

Vanquished Creatures
  Maggie (D:7)
  A troll (D:9)
  Prince Ribbit (D:5)
  Sigmund (D:2)
  A wyvern (D:9)
  A hungry ghost (D:6)
  Edmund (D:4)
  Duvessa (D:6)
  An orc warrior (D:9)
  A black bear (D:6)
  A hornet zombie (D:9)
  A necrophage (D:8)
  2 ice beasts
  2 sky beasts (D:6)
  2 phantoms
  An ogre (D:4)
  3 centaurs
  A big kobold (D:7)
  4 bullfrogs
  A wyvern zombie (D:8)
  Dowan (D:6)
  A scorpion (D:7)
  A water moccasin skeleton (D:7)
  3 wights (D:7)
  7 howler monkeys
  3 crimson imps
  3 jellies
  A centaur zombie (D:5)
  3 orc wizards
  A centaur skeleton (D:5)
  3 orc priests
  A bullfrog skeleton (D:5)
  Crazy Yiuf (D:2)
  3 iguanas
  4 worker ants
  Robin (D:2)
  8 gnolls
  9 adders
  A shadow imp (D:8)
  2 adder zombies
  An adder skeleton (D:7)
  3 worms
  4 leopard geckos
  28 orcs
  6 giant cockroaches
  16 goblins
  10 hobgoblins
  6 jackals
  2 quokkas
  A ball python (D:6)
  4 bats
  7 frilled lizards
  A jackal zombie (D:7)
  17 kobolds
  4 rats
  A fungus (D:2)
196 creatures vanquished.

Vanquished Creatures (others)
  An orc (D:7)
1 creature vanquished.

Grand Total: 197 creatures vanquished

Notes
Turn   | Place    | Note
-------+----------+-------------------------------------------
     0 | D:1      | DasRunzen the Draconian Gladiator began the quest for the
                  | Orb.
     0 | D:1      | Reached XP level 1. HP: 17/17 MP: 1/1
   277 | D:1      | Reached XP level 2. HP: 22/25 MP: 2/2
   565 | D:2      | Noticed a +0 hand axe
   566 | D:2      | Noticed a +0 hand axe
   568 | D:2      | Found a hide-covered altar of Uskayaw.
   636 | D:2      | Reached skill level 1 in Spellcasting
   747 | D:2      | Found a runed translucent door.
   748 | D:2      | Noticed Crazy Yiuf
   758 | D:2      | Killed Crazy Yiuf
   758 | D:2      | Reached XP level 3. HP: 27/30 MP: 4/4
   861 | D:2      | Reached skill level 3 in Fighting
   882 | D:2      | Noticed Robin
   912 | D:2      | Killed Robin
   912 | D:2      | Reached XP level 4. HP: 11/38 MP: 6/6
  1330 | D:2      | Noticed Sigmund
  1333 | D:2      | Killed Sigmund
  1333 | D:2      | Reached XP level 5. HP: 42/46 MP: 6/8
  1333 | D:2      | Reached XP level 6. HP: 48/52 MP: 6/9
  1349 | D:2      | Reached skill level 4 in Fighting
  2221 | D:3      | Found an iron altar of Okawaru.
  2248 | D:3      | Became a worshipper of Warmaster Okawaru
  2275 | D:3      | Found a stormy altar of Qazlal.
  2752 | D:4      | Reached skill level 1 in Invocations
  3014 | D:4      | Found a staircase to the Ecumenical Temple.
  3015 | D:4      | Noticed Edmund
  3053 | D:4      | Your scales start taking on a pale cyan-grey colour.
  3053 | D:4      | Reached XP level 7. HP: 33/60 MP: 9/11
  3069 | D:4      | Killed Edmund
  3069 | D:4      | Reached * piety under Okawaru
  3491 | D:4      | Found a snail-covered altar of Cheibriados.
  3512 | D:5      | Entered Level 5 of the Dungeon
  3512 | D:5      | Found Quubupn's Distillery.
  3534 | D:5      | Reached skill level 5 in Polearms
  3672 | D:5      | Bought a potion of heal wounds for 70 gold pieces
  3680 | D:5      | Noticed Prince Ribbit
  3773 | D:4      | Reached skill level 5 in Fighting
  3817 | D:4      | Reached ** piety under Okawaru
  3964 | D:5      | Reached XP level 8. HP: 62/68 MP: 11/13
  3968 | D:5      | Killed Prince Ribbit
  3968 | D:5      | Reached skill level 5 in Dodging
  4358 | D:5      | Found a faded altar of an unknown god.
  4358 | D:5      | Found a radiant altar of Vehumet.
  4363 | D:5      | Found a faded altar of an unknown god.
  4365 | D:5      | Found a shimmering blue altar of Sif Muna.
  4366 | D:5      | Found a sparkling altar of Nemelex Xobeh.
  4800 | D:6      | Found Ypejeres's Food Shoppe.
  4992 | D:6      | Reached *** piety under Okawaru
  4992 | D:6      | Reached skill level 6 in Fighting
  5260 | D:6      | Found a runed translucent door.
  5265 | D:6      | Noticed terminal's ghost (novice DrFi)
  5478 | D:7      | Noticed Duvessa
  5478 | D:7      | Noticed Dowan
  5501 | D:6      | Killed Duvessa
  5501 | D:6      | Reached XP level 9. HP: 38/77 MP: 11/16
  5512 | D:6      | Killed Dowan
  5826 | D:7      | Noticed Maggie
  5833 | D:7      | Killed Maggie
  5833 | D:7      | Reached skill level 5 in Spellcasting
  5833 | D:7      | Reached skill level 5 in Invocations
  5908 | D:7      | Reached skill level 7 in Fighting
  6095 | D:7      | Reached **** piety under Okawaru
  6474 | D:7      | Found a blossoming altar of Fedhas.
  7207 | D:9      | Identified a scroll of acquirement
  7207 | D:9      | Identified the +3 bardiche of Subterfuge {holy, *Noise rF+
                  | Dex+4} (You acquired it on level 9 of the Dungeon)
  7207 | D:9      | Identified the ring "Wyhizo" {Wiz rElec rC- Dex+7} (You
                  | acquired it on level 9 of the Dungeon)
  7265 | D:9      | Found a glowing golden altar of the Shining One.
  7278 | D:9      | Reached XP level 10. HP: 83/88 MP: 16/18
  7287 | D:9      | Found a shattered altar of Ashenzari.
  7317 | D:9      | Found a staircase to the Orcish Mines.
  7640 | D:9      | Reached skill level 8 in Fighting
  7821 | D:9      | Found a roughly hewn altar of Beogh.
  7849 | D:9      | HP: 3/88 [orc warrior/+0 mace (8)]
  7850 | D:9      | Slain by an orc

Levels and vault maps discovered:
D:1:      minmay_arrival_arboretum_small, layout_basic
D:2:      layout_loops_ring, dancing_weapons_uskayaw, corexii_corridor_pit,
          uniq_sigmund, uniq_crazy_yiuf_cottage, uniq_robin
D:3:      layout_loops_ring, grunt_qazlal_clouds, okawaru_altar_gauntlet_db,
          first_ration
D:4:      layout_rooms, kennysheep_mini_moat, minmay_temple_entry_junction,
          uniq_edmund
D:5:      layout_cave_pools, chequers_temple_overflow_minitemple, serial_shops,
          shop, uniq_prince_ribbit1
D:6:      layout_basic, serial_shops, nicolae_shop_stone,
          ebering_ghost_reflecting_pool
D:7:      layout_rooms, fedhas_bush_and_centaur_altar, hangedman_decor_points,
          uniq_duvessa, uniq_maggie
D:8:      layout_loops_cross
D:9:      layout_basic, lemuel_doored_altar, cheibrodos_ashenzari_chains,
          minmay_orc_entry_temple_small

Skill      XL: |  1  2  3  4  5  6  7  8  9 10 |
---------------+-------------------------------+-----
Spellcasting   | 1 2 3 4 5 6 |  6.0
Dodging        | 3 4 5 6 |  6.8
Fighting       | 3 4 5 6 7 8 |  8.1
Polearms       | 4 5 6 7 |  7.4
Invocations    | 1 2 4 6 |  6.3
Throwing       | |  1.7

Action                   |  1- 3 |  4- 6 |  7- 9 | 10-12 || total
-------------------------+-------+-------+-------+-------++-------
Melee: Trident           |    98 |   170 |   362 |    62 ||   692
       Tailslap          |    10 |    19 |    50 |     8 ||    87
Throw: Throwing net      |       |       |       |     1 ||     1
Evoke: Wand              |     1 |     2 |     8 |       ||    11
  Use: Scroll            |     2 |     3 |    13 |       ||    18
       Potion            |       |       |     1 |       ||     1
 Stab: Sleeping          |     2 |       |     7 |       ||     9
  Eat: Chunk             |       |     7 |    11 |     1 ||    19
       Ration            |       |       |     2 |       ||     2
Armor: Skin              |    17 |    41 |   126 |    13 ||   197
Dodge: Dodged            |    43 |    93 |   236 |    48 ||   420

Table legend:
 A = Non-vault XP
 B = Vault XP
 C = Vault XP percentage of total XP
 D = Non-vault monster count
 E = Vault monster count
 F = Vault count percentage of total count
                 A         B        C        D         E       F
            +---------+---------+-------+---------+---------+-------
      Total |    4638 |    1750 |  27.4 |     166 |      29 |  14.9
            +---------+---------+-------+---------+---------+-------
        D:1 |      23 |       0 |   0.0 |      15 |       0 |   0.0
        D:2 |      97 |     295 |  75.3 |      28 |      13 |  31.7
        D:3 |      64 |      37 |  36.6 |      17 |       6 |  26.1
        D:4 |     534 |     166 |  23.7 |      17 |       1 |   5.6
        D:5 |     288 |     274 |  48.8 |       6 |       1 |  14.3
        D:6 |     948 |     230 |  19.5 |      23 |       2 |   8.0
        D:7 |     955 |     526 |  35.5 |      30 |       2 |   6.2
        D:8 |     839 |       0 |   0.0 |      23 |       0 |   0.0
        D:9 |     890 |     222 |  20.0 |       7 |       4 |  36.4
            +---------+---------+-------+---------+---------+-------
